 Dungeon Crawl Stone Soup version 0.28.0-45-g0d030f2227 (webtiles) character file.

Game seed: 4406603365691101416

179 UnkleBill the Ruffian (level 5, -7/40 HPs)
             Began as a Demigod Transmuter on Apr 7, 2022.
             Mangled by Eustachio
             ... wielding a +0 rapier
              (10 damage)
             ... on level 4 of the Dungeon.
             The game lasted 00:14:38 (5030 turns).

UnkleBill the Ruffian (Demigod Transmuter)          Turns: 5030, Time: 00:14:39

Health: -7/40      AC:  2    Str: 15      XL:     5   Next: 10%
Magic:  10/11      EV: 12    Int: 21      God:
Gold:   153        SH:  0    Dex: 11 (14) Spells: 8/9 levels left

rFire   . . .      SeeInvis .     - Unarmed
rCold   + . .      Faith    .   (no shield)
rNeg    . . .      Spirit   .   a - +0 robe
rPois   .          Reflect  .   (helmet currently unavailable)
rElec   .          Harm     .   (no cloak)
rCorr   .          Rampage  .   (no gloves)
Will    .....                   (boots currently unavailable)
Stlth   +.........              e - amulet of the acrobat
HPRegen 0.13/turn               h - ring of protection from cold
MPRegen 0.12/turn               k - +6 ring of intelligence

@: appendages
A: horns 2, talons 2, high MP 1, forlorn, divine attributes
a: End Transformation


You were on level 4 of the Dungeon.
You had temporarily grown beastly horns and talons.
You visited 1 branch of the dungeon, and saw 4 of its levels.

You collected 153 gold pieces.

Inventory:

Armour
 a - a +0 robe (worn)
 f - a +0 ring mail
Jewellery
 e - an amulet of the acrobat (around neck)
 h - a ring of protection from cold (left hand)
 k - a +6 ring of intelligence (right hand)
 l - a ring of protection from fire
 m - a +6 ring of strength
Scrolls
 b - 6 scrolls of identify {unknown}
 i - a scroll of magic mapping {unknown}
 n - a scroll of fear {unknown}
Potions
 c - a potion of experience {unknown}
 d - a potion of curing
 g - 2 potions of brilliance {unknown}
 j - 4 potions of heal wounds {unknown}


   Skills:
 + Level 1.0 Fighting
 + Level 2.4 Dodging
 + Level 1.1 Stealth
 + Level 4.2 Unarmed Combat
 + Level 2.5 Spellcasting
 + Level 2.3 Transmutations


You had 8 spell levels left.
You knew the following spells:

 Your Spells              Type           Power      Damage    Failure   Level
a - Beastly Appendage     Tmut           24%        N/A       5%          1

Your spell library contained the following spells:

 Spells                   Type           Power      Damage    Failure   Level
 Wereblood                Tmut           12%        N/A       9%          2
 Freeze                   Ice            8%         1d3       14%         1
 Slow                     Hex            8%         N/A       14%         1
 Spider Form              Tmut/Pois      7%         N/A       26%         3
 Confusing Touch          Hex            2%         N/A       38%         3
 Frozen Ramparts          Ice            4%         1d2       38%         3
 Vampiric Draining        Necr           2%         2d6       38%         3
 Ice Form                 Ice/Tmut       7%         N/A       65%         4
 Hailstorm                Conj/Ice       2%         3d3       80%         4


Dungeon Overview and Level Annotations

Branches:
Dungeon (4/15)
 Temple: D:4-7

Annotations:
D:4 Eustachio


Innate Abilities, Weirdness & Mutations

You have temporarily grown beastly horns and talons.
You have an increased reservoir of magic. (+10% MP)
You shall have no god before yourself.
Your divine heritage dramatically boosts your attributes as you level up.


Message History

Eustachio gestures wildly while chanting.
Eustachio blinks!
The quokka bites you.
* * * LOW HITPOINT WARNING * * *
You closely miss the quokka.
The quokka is heavily wounded.
The quokka misses you.
You barely miss the quokka.
The quokka is heavily wounded.
Your horns disappear.
Your talons disappear.
The quokka bites you.
* * * LOW HITPOINT WARNING * * *
You hit the quokka but do no damage.
The quokka is heavily wounded.
The quokka closely misses you.
You hit the quokka.
The quokka is almost dead.
The quokka bites you.
* * * LOW HITPOINT WARNING * * *
You hit the quokka.
You kill the quokka!
The quokka's corpse disappears in a puff of smoke!
Unknown command.
It was a potion of curing.
You feel better.
Casting: Beastly Appendage (safe; 5% risk of failure)
Confirm with . or Enter, or press ? or * to list all spells.
You grow a pair of large bovine horns.
Your feet morph into talons.
Eustachio hits you with a +0 rapier.
* * * LOW HITPOINT WARNING * * *
You closely miss Eustachio. You claw Eustachio. Your headbutt misses Eustachio.
Eustachio is lightly wounded.
Eustachio mumbles some strange words.
You hit Eustachio. Your kick misses Eustachio.
Eustachio is lightly wounded.
The ufetubus hits you but does no damage.
The ufetubus hits you.
* * * LOW HITPOINT WARNING * * *
You hit Eustachio but do no damage.
Eustachio is lightly wounded.
Eustachio hits you with a +0 rapier!
You die...

### #.# #.# #.#
###.####################
..............5@@5.....#
###.#################.##
#......# #.....#
########.# #.#####
.......#.# #.#
######.#.# #####.# #
#.#.#####..<..# ##
#.#.......#.### .#
#.#########.#


You could see Eustachio, an iron imp (summoned) and an ufetubus (summoned).

Vanquished Creatures
  An orc priest (D:3)
  2 adders
  6 gnolls
  A white imp (D:3)
  An ufetubus (D:2)
  An adder skeleton (D:4)
  A worm (D:2)
  A dart slug (D:1)
  4 orcs (D:3)
  5 endoplasms
  4 giant cockroaches
  3 goblins
  2 hobgoblins
  6 kobolds
  2 quokkas (D:1)
  4 ball pythons
  5 bats
  5 frilled lizards (D:1)
  3 rats
57 creatures vanquished.

Vanquished Creatures (others)
  13 plants (D:1)
13 creatures vanquished.

Grand Total: 70 creatures vanquished

Notes
Turn   | Place    | Note
-------+----------+-------------------------------------------
     0 | D:1      | UnkleBill the Demigod Transmuter began the quest for the
                  | Orb.
     0 | D:1      | Reached XP level 1. HP: 15/15 MP: 5/5
   460 | D:1      | Reached XP level 2. HP: 22/22 MP: 5/7
  1335 | D:2      | Reached skill level 3 in Unarmed Combat
  1335 | D:2      | Reached XP level 3. HP: 16/27 MP: 8/8
  2974 | D:3      | Reached XP level 4. HP: 34/34 MP: 8/10
  3596 | D:3      | Reached skill level 4 in Unarmed Combat
  4215 | D:3      | Reached skill level 1 in Fighting
  4655 | D:3      | Reached XP level 5. HP: 37/40 MP: 11/11
  4805 | D:4      | Reached skill level 1 in Stealth
  4895 | D:4      | Noticed Eustachio
  5030 | D:4      | Mangled by Eustachio

Illustrated notes

Levels and vault maps discovered:
D:1:      roderic_crop_circles_arrival_small, layout_rooms, minmay_surrounded
D:2:      layout_loops_corners, shapermc_ecumenical_altar_hornbeckon
D:3:      layout_basic
D:4:      layout_basic, columned_hall_lemuel, grunt_ministairs_6,
          nicolae_shop_clearance, uniq_eustachio

Skill      XL: |  1  2  3  4  5 |
---------------+----------------+-----
Transmutations | 2 |  2.3
Dodging        | 2 |  2.4
Spellcasting   | 2 |  2.5
Unarmed Combat | 3 4 |  4.2
Fighting       | 1 |  1.0
Stealth        | 1 |  1.1

Action                   |  1- 3 |  4- 6 || total
-------------------------+-------+-------++-------
Melee: Unarmed           |   128 |   130 ||   258
       Kick              |    19 |    18 ||    37
       Headbutt          |    10 |    18 ||    28
       Punch             |       |     3 ||     3
 Cast: Beastly Appendage |    16 |    16 ||    32
  Use: Potion            |       |     1 ||     1
 Stab: Sleeping          |     1 |     2 ||     3
Armor: Robe              |    22 |    24 ||    46
Dodge: Dodged            |    74 |   150 ||   224
